 Dungeon Crawl Stone Soup version 0.19.3-4-gbf9329e (webtiles) character file.

55995 pib the Cleaver (level 14, -20/132 HPs)
             Began as a Minotaur Fighter on Jan 29, 2017.
             Was a High Priest of the Shining One.
             Demolished by an orc knight
             ... wielding a +2 long sword
              (23 damage)
             ... on level 2 of the Orcish Mines.
             The game lasted 01:04:54 (22653 turns).

pib the Cleaver (Minotaur Fighter)                 Turns: 22653, Time: 01:04:55

Health: -20/132    AC: 17    Str: 25    XL:     14   Next: 40%
Magic:  20/20      EV: 14    Int:  7    God:    the Shining One [*****.]
Gold:   1423       SH:  0    Dex: 11    Spells: 1 memorised, 11 levels left

rFire  . . .     SeeInvis +     D - +3 battleaxe "Acarinebane" {speed, rElec rPois Int+2}
rCold  . . .     Gourm    .     V - +4 scale mail of Marbles {+Fly rCorr Slay+5 Stlth-}
rNeg   + + .     Faith    .     (shield currently unavailable)
rPois  +         Spirit   .     O - +1 hat
rElec  +         Reflect  .     S - +0 cloak
rCorr  +         Harm     .     (no gloves)
MR     +....                    I - +0 pair of boots (curse)
Stlth  ..........               (no amulet)
                                Q - ring of see invisible
                                C - ring of poison resistance

@: glowing
A: retaliatory headbutt, horns 2
a: Divine Shield, Cleansing Flame, Summon Divine Warrior, Renounce Religion,
Evoke Flight


You were on level 2 of the Orcish Mines.
You worshipped the Shining One.
The Shining One was extremely pleased with you.
You were not hungry.

You visited 4 branches of the dungeon, and saw 21 of its levels.
You also visited: Ossuary.

You collected 1633 gold pieces.
You spent 210 gold pieces at shops.

Inventory:

Hand Weapons
 q - a +1 falchion of electrocution
 D - the +3 battleaxe "Acarinebane" (weapon) {speed, rElec rPois Int+2}
   (You found it on level 4 of the Dungeon)

   Attacks with this weapon are significantly faster.
   It affects your intelligence (+2).
   It insulates you from electricity.
   It protects you from poison.
 U - a +0 morningstar
Missiles
 r - 5 needles of confusion
Armour
 c - a +0 shield
 I - a cursed +0 pair of boots (worn)
 O - a +1 hat (worn)
 R - a +1 chain mail of fire resistance
 S - a +0 cloak (worn)
 T - a +1 plate armour of cold resistance
 V - the +4 scale mail of Marbles (worn) {+Fly rCorr Slay+5 Stlth-}
   (You found it on level 4 of the Lair of Beasts)

   It affects your accuracy and damage with ranged weapons and melee attacks
   (+5).
   It lets you fly.
   It protects you from acid and corrosion.
   It makes you less stealthy.
Rods
 b - a +2 rod of inaccuracy (11/11)
   (You found it on level 6 of the Lair of Beasts)
Jewellery
 l - an uncursed ring of positive energy
 C - a ring of poison resistance (left hand)
 Q - a ring of see invisible (right hand)
Wands
 k - a wand of iceblast (11/15)
 u - a wand of slowing (23/48)
 P - a wand of polymorph (5/24)
 X - a wand of paralysis (14/24)
Scrolls
 h - 5 scrolls of recharging
 i - 3 scrolls of enchant armour
 j - 9 scrolls of identify
 n - 10 scrolls of remove curse
 x - 5 scrolls of magic mapping
 y - 2 scrolls of amnesia
 A - 3 scrolls of fear
 F - 3 scrolls of enchant weapon
 J - a scroll of teleportation
 Y - a scroll of holy word {unknown}
Potions
 a - a potion of ambrosia
 e - 3 potions of agility
 m - 4 potions of flight
 p - 2 potions of haste
 s - 10 potions of curing
 t - 2 potions of resistance {unknown}
 w - 2 potions of invisibility {unknown}
 z - 2 potions of berserk rage
 B - 2 potions of cancellation {unknown}
 E - a potion of lignification {unknown}
 K - 2 potions of brilliance {unknown}
 W - 2 potions of mutation {unknown}
Books
 G - a book of Air

   Spells                             Type                      Level
   a - Shock                          Conjuration/Air              1
   b - Swiftness                      Charms/Air                   2
   c - Repel Missiles                 Charms/Air                   2
   d - Static Discharge               Conjuration/Air              3
   e - Lightning Bolt                 Conjuration/Air              5
 L - a book of Spatial Translocations

   Spells                             Type                      Level
   a - Blink                          Translocation                2
   b - Shroud of Golubria             Charms/Translocation         2
   c - Lesser Beckoning               Translocation                3
   d - Portal Projectile              Translocation                3
   e - Teleport Other                 Translocation                3
   f - Passage of Golubria            Translocation                4
 M - Sif Muna's Disquisition on the Fiery Mountains
   (You found it on level 6 of the Lair of Beasts)

   Spells                             Type                      Level
   a - Sandblast                      Earth                        1
   b - Conjure Flame                  Conjuration/Fire             3
   c - Delayed Fireball               Conjuration/Fire             7
   d - Shatter                        Earth                        9
 Z - a book of Debilitation

   Spells                             Type                      Level
   a - Corona                         Hexes                        1
   b - Slow                           Hexes                        2
   c - Gell's Gravitas                Hexes/Translocation          3
   d - Inner Flame                    Hexes/Fire                   3
   e - Cause Fear                     Hexes                        4
   f - Leda's Liquefaction            Hexes/Earth                  4
Comestibles
 d - 8 fruits
 f - 7 bread rations
 g - 6 meat rations
 o - 10 slices of pizza
 v - 10 beef jerkies
 H - 5 chunks of flesh


   Skills:
 + Level 14.0 Fighting
 + Level 14.5(14.9) Axes
 - Level 5.3(11.0) Maces & Flails
 + Level 13.2 Armour
 + Level 8.4 Dodging
 - Level 3.9 Stealth
 - Level 8.9 Shields
 + Level 10.2 Invocations


You had 11 spell levels left.
You knew the following spells:

 Your Spells              Type           Power        Failure   Level  Hunger
a - Repel Missiles        Chrm/Air       #.....       96%         2    ###....


Dungeon Overview and Level Annotations

Branches:
Dungeon (12/15)            Temple (1/1) D:7            Lair (6/6) D:9
 Shoals (0/4) Lair:3        Slime (0/5) Lair:6          Orc (2/2) D:12
    Elf (0/3) Orc:2
  Snake: Lair:2-4    Spider: Lair:2-4

Altars:
Ashenzari
Cheibriados
Dithmenos
Fedhas
Gozag
Hepliaklqana
Kikubaaqudgha
Makhleb
Nemelex Xobeh
Okawaru
Qazlal
Ru
Sif Muna
Trog
Uskayaw
Vehumet
Xom
Yredelemnul
The Shining One

Shops:
D:7 ?

Annotations:
D:6 theAP's ghost, novice FoFi


Innate Abilities, Weirdness & Mutations

You reflexively headbutt those who attack you in melee.
You have a pair of horns on your head.


Message History

The orc knight is moderately wounded.
You completely miss the orc sorcerer.
The orc knight unwields an uncursed arbalest.
The orc knight wields an uncursed enchanted long sword.
The orc knight hits you with an uncursed enchanted long sword.
The orc sorcerer closely misses you.
You slice the orc knight!!
The orc knight is severely wounded.
You slash the orc sorcerer! You hit the orc knight.
You headbutt the orc knight, but do no damage.
The orc knight is almost dead.
You barely miss the orc sorcerer.
The orc warlord hits you from afar with a bardiche of freezing!!!
* * * LOW HITPOINT WARNING * * *
The orc warlord freezes you!
* * * LOW HITPOINT WARNING * * *
The orc sorcerer hits you but does no damage.
The orc knight hits you with an uncursed enchanted long sword!!
You die...

.......(.)o..)...###
........o..o.)...#.##
........#)####).....#
........#.# ##.)).##
## ...########
###))##..# ..
#o).#..# . #......##
###).......
#@#))......
#ooo.......
#4.)..##...
####......###.
#.........# ...
##........## #...
#........####.... ###
###......##......
#.## #.......#......


You could see an orc warlord, an orc knight, an ice devil and an orc sorcerer.

Vanquished Creatures
  A fire dragon (Lair:6)
  5 hydras
  2 orc high priests (Orc:2)
  Nergalle (Lair:1)
  A fire crab (Lair:6)
  4 hill giants
  2 orc knights
  An ugly thing (D:12)
  4 orc sorcerers
  4 black mambas (Lair:6)
  Maurice (Orc:2)
  5 elephants (Lair:4)
  4 sirens (Lair:3)
  3 molten gargoyles (Lair:6)
  The ghost of Azzok the Firebug, a novice DEFE of Sif Muna (D:7)
  A torpor snail (Lair:4)
  14 spiny frogs
  2 rime drakes
  16 komodo dragons
  A two-headed ogre (D:12)
  A polar bear (Lair:3)
  3 trolls
  13 blink frogs
  8 hippogriffs
  A wraith (D:10)
  5 wyverns
  43 yaks
  A human (D:8)
  4 hogs (D:8)
  10 basilisks
  2 mottled dragons (Lair:6)
  A vampire mosquito (D:9)
  6 wargs
  3 swamp worms (D:10)
  15 water moccasins
  7 porcupines
  6 hell hounds (Lair:6)
  24 orc warriors
  3 ice beasts
  3 sky beasts
  2 black bears
  The ghost of Exporg the Shield-Bearer, an amateur MiFi (D:3)
  2 eyes of draining (D:9)
  A phantom (D:9)
  12 wolves
  6 ogres
  4 centaurs
  14 crocodiles
  2 big kobolds (D:11)
  20 bullfrogs
  A wyvern zombie (D:9)
  2 water moccasin zombies (D:6)
  3 scorpions
  20 killer bees
  3 wights (D:10)
  9 howler monkeys
  4 lava snakes (Lair:6)
  2 bullfrog zombies
  4 crimson imps
  A centaur zombie (D:6)
  4 jellies
  4 hounds
  15 orc priests
  31 orc wizards
  3 bullfrog skeletons
  3 iguanas
  8 worker ants
  A hound skeleton (D:9)
  13 mummies (Ossuary)
  11 gnolls
  10 adders
  A river rat (D:9)
  3 shadow imps
  An ooze (D:1)
  3 adder skeletons
  2 adder zombies (D:9)
  18 worms
  2 dart slugs (D:2)
  2 leopard geckos
  74 orcs
  16 bats
  3 giant cockroaches
  8 goblins
  10 hobgoblins
  7 jackals
  6 quokkas
  3 ball pythons
  7 frilled lizards
  A gnoll skeleton (Ossuary)
  2 goblin skeletons (Ossuary)
  A jackal skeleton (D:4)
  13 kobolds
  3 kobold skeletons (Ossuary)
  A leopard gecko skeleton (D:4)
  2 orc skeletons (Ossuary)
  2 quokka skeletons
  16 rats
  11 rat skeletons (Ossuary)
  5 fungi
  5 plants
676 creatures vanquished.

Vanquished Creatures (others)
  17 fungi
  6 plants
23 creatures vanquished.

Grand Total: 699 creatures vanquished

Notes
Turn   | Place    | Note
-------+----------+-------------------------------------------
     0 | D:1      | pib the Minotaur Fighter began the quest for the Orb.
     0 | D:1      | Reached XP level 1. HP: 19/19 MP: 0/0
   205 | D:1      | Reached XP level 2. HP: 23/27 MP: 1/1
   750 | D:2      | Reached XP level 3. HP: 33/33 MP: 2/2
  1656 | D:2      | Reached XP level 4. HP: 41/41 MP: 3/3
  1876 | D:3      | Reached XP level 5. HP: 15/47 MP: 4/4
  2130 | D:3      | Noticed Exporg's ghost (amateur MiFi)
  2159 | D:3      | Killed Exporg's ghost
  2159 | D:3      | Reached skill level 5 in Fighting
  2159 | D:3      | Reached skill level 5 in Armour
  2159 | D:3      | Reached skill level 5 in Shields
  2165 | D:3      | Reached XP level 6. HP: 21/56 MP: 5/5
  3034 | D:4      | Found a sand-covered staircase.
  3041 | Ossuary  | Entered an ossuary
  3352 | Ossuary  | Reached skill level 5 in Maces & Flails
  3508 | Ossuary  | Reached XP level 7. HP: 37/62 MP: 6/6
  3870 | D:4      | Got a bloodstained battleaxe
  3880 | D:4      | Identified the +3 battleaxe "Acarinebane" {speed, rElec rPois Int+2} (You found it on level 4 of the Dungeon)
  4117 | D:4      | Reached skill level 1 in Axes
  4256 | D:5      | Entered Level 5 of the Dungeon
  4594 | D:5      | Reached XP level 8. HP: 69/71 MP: 7/7
  5467 | D:6      | Reached skill level 5 in Axes
  5647 | D:6      | Noticed theAP's ghost (novice FoFi)
  6368 | D:7      | Noticed Azzok's ghost (novice DEFE)
  6369 | D:7      | Reached XP level 9. HP: 68/81 MP: 8/8
  6378 | D:7      | Killed Azzok's ghost
  6453 | D:7      | Found Suorr's Magic Scroll Emporium.
  6465 | D:7      | Bought a scroll of enchant armour for 105 gold pieces
  6465 | D:7      | Bought a scroll of enchant weapon for 105 gold pieces
  6470 | D:7      | Noticed a troll
  6826 | D:7      | Found a staircase to the Ecumenical Temple.
  6945 | Temple   | Entered the Ecumenical Temple
  6999 | Temple   | Became a worshipper of the Shining One
  7136 | D:7      | Found a shadowy altar of Dithmenos.
  8296 | D:8      | Reached skill level 1 in Invocations
  8299 | D:8      | Reached XP level 10. HP: 67/90 MP: 8/10
  9208 | D:9      | Reached * piety under the Shining One
  9550 | D:9      | Reached skill level 10 in Axes
  9753 | D:9      | Found a staircase to the Lair.
  9804 | D:9      | Reached ** piety under the Shining One
  9830 | Lair:1   | Entered Level 1 of the Lair of Beasts
  9904 | Lair:1   | Reached skill level 10 in Fighting
  9904 | Lair:1   | Reached skill level 10 in Armour
  9904 | Lair:1   | Reached XP level 11. HP: 76/99 MP: 13/13
 10162 | Lair:1   | Noticed Nergalle
 10172 | Lair:1   | Killed Nergalle
 10324 | Lair:1   | Found a dark tunnel.
 10428 | Lair:2   | Noticed a death yak
 10428 | Lair:2   | Noticed a death yak
 10428 | Lair:2   | Noticed a death yak
 10444 | Lair:2   | Reached skill level 5 in Invocations
 10633 | Lair:2   | Noticed an eight-headed hydra
 11392 | Lair:3   | Noticed an eight-headed hydra
 11419 | Lair:3   | Killed an eight-headed hydra
 12270 | Lair:3   | Found a staircase to the Shoals.
 12550 | Lair:4   | Learned a level 2 spell: Repel Missiles
 12580 | Lair:4   | Reached XP level 12. HP: 77/110 MP: 16/16
 12595 | Lair:4   | Reached skill level 1 in Dodging
 12595 | Lair:4   | Reached skill level 1 in Stealth
 13598 | Lair:4   | Got an encrusted scale mail
 13599 | Lair:4   | Identified the +4 scale mail of Marbles {+Fly rCorr Slay+5 Stlth-} (You found it on level 4 of the Lair of Beasts)
 13663 | Lair:5   | HP: 5/112 [komodo dragon (25)]
 14588 | Lair:5   | Noticed a seven-headed hydra
 14594 | Lair:5   | Killed a seven-headed hydra
 14594 | Lair:5   | Reached skill level 5 in Dodging
 14991 | Lair:6   | Entered Level 6 of the Lair of Beasts
 14998 | Lair:6   | Reached XP level 13. HP: 107/119 MP: 18/18
 15152 | Lair:6   | Reached *** piety under the Shining One
 16591 | Lair:6   | Found a large runed door.
 16595 | Lair:6   | Found a large runed door.
 16596 | Lair:6   | Noticed a fire dragon
 16727 | Lair:6   | Found a staircase to the Slime Pits.
 17722 | Lair:6   | Reached **** piety under the Shining One
 17988 | Lair:6   | Killed a fire dragon
 18479 | Lair:6   | Identified Sif Muna's Disquisition on the Fiery Mountains
 19530 | D:10     | Entered Level 10 of the Dungeon
 19857 | D:10     | Identified a +2 rod of inaccuracy (11/11) (You found it on level 6 of the Lair of Beasts)
 20084 | D:10     | Reached XP level 14. HP: 124/129 MP: 20/20
 21540 | D:12     | Found a staircase to the Orcish Mines.
 21599 | Orc:1    | Entered Level 1 of the Orcish Mines
 21857 | Orc:1    | Reached skill level 10 in Invocations
 22130 | Orc:2    | Entered Level 2 of the Orcish Mines
 22143 | Orc:2    | Noticed Maurice
 22152 | Orc:2    | Killed Maurice
 22208 | Orc:2    | Reached ***** piety under the Shining One
 22355 | Orc:2    | Found a staircase to the Elven Halls.
 22512 | Orc:2    | Paralysed by an orc sorcerer for 3 turns
 22621 | Orc:2    | Noticed an orc warlord
 22653 | Orc:2    | HP: 3/132 [orc warlord/bardiche of freezing (14)]
 22653 | Orc:2    | Demolished by an orc knight

Skill      XL: |  1  2  3  4  5  6  7  8  9 10 11 12 13 14 |
---------------+-------------------------------------------+-----
Fighting       | 4 5 6 7 8 10 11 12 13 14 | 14.0
Maces & Flails | 3 4 5 |  5.3
Armour         | 4 5 6 7 8 10 11 12 13 | 13.2
Shields        | 4 5 6 7 8 |  8.9
Axes           | 2 5 8 10 12 13 14 | 14.5
Invocations    | 1 4 6 8 9 10 | 10.2
Dodging        | 5 7 8 |  8.4
Stealth        | 3 |  3.9

Action                   |  1- 3 |  4- 6 |  7- 9 | 10-12 | 13-15 || total
-------------------------+-------+-------+-------+-------+-------++-------
Melee: Flail             |   122 |    13 |       |     4 |       ||   139
       Headbutt          |    21 |    28 |    44 |   108 |   146 ||   347
       Falchion          |       |   145 |    17 |       |       ||   162
       Battleaxe         |       |       |   227 |   487 |   417 ||  1131
       Morningstar       |       |       |       |     4 |   187 ||   191
Invok: Divine Shield     |       |       |       |     3 |     4 ||     7
Evoke: Wand              |       |       |       |     3 |       ||     3
  Use: Potion            |       |     1 |     3 |     3 |     4 ||    11
       Scroll            |       |       |     4 |    17 |     6 ||    27
  Eat: Chunk             |     2 |     5 |     8 |    15 |    21 ||    51
       Bread ration      |       |     1 |     1 |     1 |     1 ||     4
       Fruit             |       |       |       |     2 |       ||     2
Armor: Scale mail        |    49 |    44 |    68 |    51 |   189 ||   401
       Chain mail        |       |       |       |   146 |       ||   146
Dodge: Dodged            |    31 |    32 |   100 |   183 |   287 ||   633
Block: Shield            |    56 |    69 |     7 |       |       ||   132
       Other             |       |       |       |    14 |    31 ||    45
       Rpst.: Falchion   |       |     6 |       |       |       ||     6
